 Dungeon Crawl Stone Soup version 0.28-a0-1594-ga885d4b3d6 (webtiles) character file.

Game seed: 15704034004934960254

744 tilp the Chiller (level 7, 31/31 HPs)
             Began as a Felid Ice Elementalist on Jan 20, 2022.
             Quit the game on level 7 of the Dungeon.
             The game lasted 00:12:05 (9885 turns).

tilp the Chiller (Felid Ice Elementalist)           Turns: 9885, Time: 00:12:05

Health: 31/31      AC:  2    Str:  4    XL:     7   Next: 47%
Magic:  12/12      EV: 22    Int: 24    God:
Gold:   311        SH:  0    Dex: 17    Spells: 0/12 levels left
                                        Lives:  1   Deaths: 1

rFire   . . .      SeeInvis +     - Unarmed
rCold   . . .      Faith    .   (shield unavailable)
rNeg    . . .      Spirit   .   (armour unavailable)
rPois   .          Reflect  .   (helmet unavailable)
rElec   .          Harm     .   (cloak unavailable)
rCorr   .          Rampage  .   (gloves unavailable)
Will    +....                   (boots unavailable)
Stlth   +++.......              (no amulet)
HPRegen 0.10/turn               a - +4 ring of evasion
MPRegen 0.13/turn               n - +6 ring of intelligence

@: quick
A: very small, claws 1, fangs 3, see invisible, speed 1, shaggy fur 2, stealthy
paws, no weapons or thrown items, no armour, multi-lived
a: no special abilities


You were on level 7 of the Dungeon.
You visited 2 branches of the dungeon, and saw 8 of its levels.

You collected 311 gold pieces.

Inventory:

Jewellery
 a - a +4 ring of evasion (left paw)
 n - a +6 ring of intelligence (right paw)
Wands
 g - a wand of iceblast (3)
 i - a wand of flame (6)
 j - a wand of charming (11)
Scrolls
 k - 3 scrolls of magic mapping
Potions
 b - a potion of might
 c - a potion of lignification
 d - 3 potions of heal wounds
 e - 2 potions of curing
 f - a potion of ambrosia
 h - a potion of haste
 l - 3 potions of brilliance
 m - a potion of mutation {unknown}


   Skills:
 * Level 3.8 Fighting
 - Level 4.0 Dodging
 + Level 4.9 Stealth
 * Level 3.9 Unarmed Combat
 - Level 3.0 Spellcasting
 - Level 4.0 Conjurations
 - Level 6.0 Ice Magic
 + Level 2.9 Evocations


You couldn't memorise any spells.
You knew the following spells:

 Your Spells              Type           Power      Damage    Failure   Level
a - Freeze                Ice            100%       1d11      1%          1
b - Frozen Ramparts       Ice            64%        1d8       2%          3
c - Ozocubu's Armour      Ice            32%        N/A       2%          3
d - Hailstorm             Conj/Ice       27%        3d7       14%         4
e - Searing Ray           Conj           44%        2d6       3%          2

Your spell library contained the following spells:

 Spells                   Type           Power      Damage    Failure   Level
 Magic Dart               Conj           88%        1d7       1%          1
 Dazzling Flash           Conj/Hex       26%        N/A       14%         3
 Corpse Rot               Necr/Air       6%         N/A       16%         2
 Poisonous Vapours        Pois/Air       6%         N/A       16%         2
 Gell's Gravitas          Tloc           3%         N/A       32%         3
 Teleport Other           Tloc           3%         N/A       32%         3
 Fulminant Prism          Conj/Hex       6%         3d7       43%         4
 Animate Dead             Necr           1%         N/A       71%         4
 Olgreb's Toxic Radiance  Pois           3%         N/A       71%         4
 Agony                    Necr           3%         N/A       96%         5
 Borgnjor's Vile Clutch   Necr/Erth      1%         N/A       96%         5
 Silence                  Hex/Air        1%         N/A       96%         5
 Death Channel            Necr           1%         N/A       100%        6
 Dispersal                Tloc           1%         N/A       100%        6
 Ozocubu's Refrigeration  Ice            16%        4d8       100%        7
 Ignition                 Fire           1%         3d3       100%        8


Dungeon Overview and Level Annotations

Branches:
Dungeon (7/15)             Temple (1/1) D:5

Altars:
Ashenzari
Cheibriados
Dithmenos
Elyvilon
Fedhas
Hepliaklqana
Makhleb
Nemelex Xobeh
Okawaru
Qazlal
Trog
Wu Jian
Yredelemnul
Zin
The Shining One

Annotations:
D:5 2ho!


Innate Abilities, Weirdness & Mutations

You have sharp claws.
You have razor-sharp teeth.
You have supernaturally acute eyesight. (SInv)
You cover ground quickly. (Speed+)
You are covered in thick fur. (AC +2)
Your paws help you pounce on unaware monsters.
You are incapable of wielding weapons or throwing items.
You cannot wear armour.
You gain extra lives every three experience levels.


Message History

Your body is wracked with pain!
It was a scroll of torment.
Unknown command.
You start resting.
HP restored.
You start waiting.
Done waiting.
(D) Dungeon (T) Temple
Where to? (Enter - D:6 @ (x,y), ? - help)
You see here a +0 spear.
You see here 16 stones.
There is a stone staircase leading down here.
You climb downwards.
There is a stone staircase leading up here.
A hornet is nearby!
The helpless hornet fails to defend itself.
You mangle the hornet!! Your bite misses the hornet.
The hornet is severely wounded.
The hornet stings you.
You feel yourself slow down.
Unknown command.
Casting: Ozocubu's Armour (dangerous; 2% risk of failure)
Confirm with . or Enter, or press ? or * to list all spells.
Aiming: Freeze (safe; 1% risk of failure)
Press: ? - help, Shift-Dir - straight line, f - hornet
Aim: a hornet (severely wounded)
You freeze the hornet!
The hornet is almost dead.
The hornet stings you!
You suddenly lose the ability to move!
The hornet stings you!
* * * LOW HITPOINT WARNING * * *
You are lethally poisoned!
You feel as though you will be slow longer.
* * * LOW HITPOINT WARNING * * *
You feel very sick. The hornet barely misses you. The hornet stings you!
You die...
You feel as though you will be slow longer.
You are now level 7!
You rejoin the land of the living...
Found 20 arrows.
Found a stone staircase leading up.
Are you sure you want to abandon this character and quit the game? (Confirm with "yes".)

.......
...... #
....#
..#+#...#
#.......#
#...<...###
#.........#
#......@#
#.(.####..#
. #..# #..#
..# ##


There were no monsters in sight!

Vanquished Creatures
  A wyvern (D:5)
  3 ogres
  A centaur (D:6)
  A phantom (D:4)
  A scorpion (D:5)
  A water moccasin skeleton (D:6)
  4 killer bees (D:4)
  4 orc priests
  A bullfrog skeleton (D:5)
  2 hounds
  2 jellies (D:6)
  Jessica (D:2)
  3 orc wizards
  Terence (D:2)
  A hound skeleton (D:4)
  A howler monkey zombie (D:6)
  Robin (D:3)
  7 adders
  3 gnolls (D:5)
  A shadow imp (D:6)
  A white imp (D:5)
  An ufetubus (D:4)
  An adder skeleton (D:4)
  3 dart slugs
  14 orcs
  3 ball pythons
  4 endoplasms
  4 giant cockroaches
  11 goblins
  11 hobgoblins
  2 quokkas (D:1)
  3 bats
  A frilled lizard (D:3)
  5 kobolds
  3 rats
107 creatures vanquished.

Notes
Turn   | Place    | Note
-------+----------+-------------------------------------------
     0 | D:1      | tilp the Felid Ice Elementalist began the quest for the
                  | Orb.
     0 | D:1      | Reached XP level 1. HP: 7/7 MP: 4/4
   339 | D:1      | Reached XP level 2. HP: 11/11 MP: 4/6
   865 | D:1      | Reached skill level 4 in Ice Magic
  1447 | D:2      | Identified the +1 pair of boots of the Salamander {+Inv
                  | rPois Int+2}
  1496 | D:2      | Noticed Jessica
  1569 | D:2      | Found a faded altar of an unknown god.
  1696 | D:2      | Reached XP level 3. HP: 14/14 MP: 1/7
  1701 | D:2      | Learned a level 3 spell: Frozen Ramparts
  1705 | D:2      | Learned a level 3 spell: Ozocubu's Armour
  2106 | D:2      | Noticed Terence
  2116 | D:2      | Killed Terence
  2117 | D:2      | Reached XP level 4. HP: 7/18 MP: 0/9
  2633 | D:2      | Killed Jessica
  2700 | D:2      | Learned a level 2 spell: Searing Ray
  2901 | D:3      | Reached skill level 5 in Ice Magic
  2943 | D:3      | Found a broken altar of Ashenzari.
  2947 | D:3      | Noticed Robin
  2964 | D:3      | Killed Robin
  3208 | D:3      | Found a glowing golden altar of the Shining One.
  3324 | D:3      | Reached XP level 5. HP: 21/21 MP: 8/10
  3793 | D:4      | Noticed a phantom
  4325 | D:4      | Killed a phantom
  4326 | D:4      | Reached skill level 1 in Conjurations
  4583 | D:4      | Gained mutation: You are covered in thick fur. (AC +2)
                  | [Felid growth]
  4583 | D:4      | Reached XP level 6. HP: 24/24 MP: 3/11
  4585 | D:4      | Reached skill level 6 in Ice Magic
  5392 | D:4      | Found a glowing silver altar of Zin.
  5392 | D:4      | Noticed an angel
  5527 | D:5      | Entered Level 5 of the Dungeon
  5547 | D:5      | Reached XP level 7. HP: 27/27 MP: 1/12
  5866 | D:5      | Noticed a two-headed ogre
  5976 | D:5      | Reached skill level 1 in Fighting
  5976 | D:5      | Reached skill level 1 in Unarmed Combat
  5979 | D:5      | Reached skill level 1 in Evocations
  6190 | D:5      | Noticed a wyvern
  6199 | D:5      | Killed a wyvern
  6353 | D:5      | Found a staircase to the Ecumenical Temple.
  6399 | Temple   | Entered the Ecumenical Temple
  7506 | D:5      | Reached XP level 8. HP: 25/34 MP: 3/13
  7789 | D:5      | You fall into a shaft and drop 1 floor!
  8071 | D:5      | Learned a level 4 spell: Hailstorm
  8456 | D:6      | Found a bloodstained altar of Trog.
  8574 | D:6      | Found a sparkling altar of Nemelex Xobeh.
  8734 | D:6      | Found a white marble altar of Elyvilon.
  9880 | D:7      | Noticed a hornet
  9883 | D:7      | Paralysed by a hornet for 3 turns
  9884 | D:7      | Slain by a hornet
  9885 | D:7      | Reached XP level 7. HP: 0/31 MP: 12/12
  9885 | D:7      | Quit the game

Illustrated notes

Levels and vault maps discovered:
D:1:      dpeg_arrival_long_road, layout_basic
D:2:      layout_basic, shapermc_ecumenical_altar_venn, hangedman_decor_push,
          uniq_terence, uniq_jessica
D:3:      layout_rooms, cheibrodos_ashenzari_chains,
          mainiacjoe_overflow_surrounded_room, kennysheep_pointless_box,
          uniq_robin
D:4:      cheibrodos_quashed, layout_loops_ring, zin_angel
D:5:      layout_basic, minmay_temple_entry_proselytizer, minivault_27
D:6:      layout_cave_pods, trog_book, kennysheep_little_box,
          nemelex_dance_club_becter
D:7:      layout_basic, overflow_temple_1_default, overflow_temple_1_default,
          mainiacjoe_overflow_brackets, mainiacjoe_overflow_small_starburst,
          serial_shops, shop_fountains, lightli_orcish_oven
Temple:   compressed_dpeg_triangle_lava_temple

Skill      XL: |  1  2  3  4  5  6  7  8 |
---------------+-------------------------+-----
Ice Magic      | 4 5 6 |  6.0
Spellcasting   | 3 |  3.0
Conjurations   | 1 4 |  4.0
Fighting       | 2 3 |  3.8
Dodging        | 3 4 |  4.0
Stealth        | 4 |  4.9
Unarmed Combat | 2 3 |  3.9
Evocations     | 2 |  2.9

Action                   |  1- 3 |  4- 6 |  7- 9 || total
-------------------------+-------+-------+-------++-------
Melee: Unarmed           |    16 |    37 |    35 ||    88
       Bite              |     2 |     6 |     7 ||    15
       Punch             |       |       |     3 ||     3
 Cast: Freeze            |    29 |    34 |    25 ||    88
       Frozen Ramparts   |     3 |     9 |    14 ||    26
       Ozocubu's Armour  |     1 |     5 |    14 ||    20
       Searing Ray       |       |     4 |     8 ||    12
  Use: Scroll            |     3 |     7 |     6 ||    16
 Stab: Sleeping          |     2 |     5 |     6 ||    13
Armor: Skin              |     1 |     5 |     9 ||    15
Dodge: Dodged            |    35 |    73 |    63 ||   171

Table legend: (Time is in decaauts)
 A = Elapsed time spent in this place.
 B = Non-inter-level travel time spent in this place.
 C = Inter-level travel time spent in this place.
 D = Time resting spent in this place.
 E = Time spent auto-exploring this place.
 F = Levels seen in this place.
 G = Mean time per level.
                   A        B        C        D        E       F      G
               +--------+--------+--------+--------+--------+-----+--------+
         Total |   8929 |   8464 |    465 |   2765 |   4693 |   8 | 1116.1 |
       Dungeon |   8694 |   8234 |    460 |   2765 |   4469 |   7 | 1242.0 |
        Temple |    235 |    230 |      5 |      0 |    223 |   1 |  235.0 |
               +--------+--------+--------+--------+--------+-----+--------+

Top non-repeatable levels by time:
     D:5: 1929 daAuts
     D:4: 1737 daAuts
     D:6: 1606 daAuts
     D:2: 1419 daAuts
     D:1: 1186 daAuts
     D:3: 810 daAuts
  Temple: 235 daAuts
     D:7: 4 daAuts
